AoeStats
← UPHARSIN

Arabia

509999523Analyzed
1v1 RM · 4d ago on Sep 29, 2026· 37m 15s· 2 players
Game mode
Random Map
Map size
Tiny (2 player)
Population
200
Speed
Normal
Resources
Standard
Victory
Conquest
Starting age
Dark Age
Ending age
Imperial Age
RankedLock teamsTeams togetherTeam positionsShared explorationLock speedFull tech treeHidden civsTurbo modeCheats
Victory
Defeat
🇨🇦 Bulgarians · Canada
1336
+15
🇨🇴 Franks · Colombia
1311
-15
CCCCastillo
7:20 Loom
9:35 Feudal Age
10:11 Man-at-Arms
12:20 Double-Bit Axe
23:24 Castle Age
22:23 Gold Mining
22:25 Fletching
24:01 Forging
UPHARSIN
6:27 Loom
8:54 Feudal Age
9:28 Double-Bit Axe
14:40 Horse Collar
21:36 Castle Age
19:56 Scale Barding Armor
20:01 Forging
21:41 Bloodlines
21:42 Forging
22:40 Chain Barding Armor
22:22 Gold Mining
23:25 Bow Saw
26:37 Heavy Plow
28:12 Iron Casting
31:49 Gold Shaft Mining
32:14 Fletching
Connection lost

Rejoining the realm…

Still unreachable

The connection could not be restored.

Session expired

The server has moved on; the page needs a fresh start.